 Dungeon Crawl Stone Soup version 0.28.0-47-ge53b351184 (webtiles) character file.

Game seed: 2735197193305048518

7 101zpm the Magician (level 1, -3/16 HPs)
             Began as a Troll Hedge Wizard on Apr 28, 2022.
             Slain by a goblin
             ... wielding a +0 club
             ... led by Robin
              (4 damage)
             ... on level 3 of the Dungeon.
             The game lasted 00:00:36 (261 turns).

101zpm the Magician (Troll Hedge Wizard)             Turns: 261, Time: 00:00:37

Health: -3/16      AC:  4    Str: 17    XL:     1   Next: 91%
Magic:  2/2        EV:  9    Int: 10    God:
Gold:   12         SH:  0    Dex:  9    Spells: 3/4 levels left

rFire   . . .      SeeInvis .   a - +0 dagger
rCold   . . .      Faith    .   (no shield)
rNeg    . . .      Spirit   .   b - +0 robe
rPois   .          Reflect  .   c - +0 hat
rElec   .          Harm     .   (no cloak)
rCorr   .          Rampage  .   (gloves unavailable)
Will    .....                   (boots unavailable)
Stlth   +.........              (no amulet)
HPRegen 0.85/turn               (no ring)
MPRegen 0.08/turn               (no ring)

@: no status effects
A: large, unfitting armour, claws 3, regeneration 1, shaggy fur 1, tough skin 1
a: no special abilities


You were on level 3 of the Dungeon.
You visited 1 branch of the dungeon, and saw 3 of its levels.

You collected 12 gold pieces.

Inventory:

Hand Weapons
 a - a +0 dagger (weapon)
Armour
 b - a +0 robe (worn)
 c - a +0 hat (worn)
Potions
 d - a potion of might {unknown}
 e - a potion of lignification {unknown}


   Skills:
 + Level 1.5 Dodging
 + Level 1.0 Stealth
 + Level 2.3 Spellcasting
 + Level 0.6 Conjurations
 + Level 0.6 Summonings
 + Level 0.6 Translocations


You had 3 spell levels left.
You knew the following spells:

 Your Spells              Type           Power      Damage    Failure   Level
a - Magic Dart            Conj           8%         1d3       24%         1

Your spell library contained the following spells:

 Spells                   Type           Power      Damage    Failure   Level
 Slow                     Hex            4%         N/A       30%         1
 Blink                    Tloc           4%         N/A       34%         2
 Call Imp                 Summ           2%         N/A       34%         2
 Conjure Flame            Conj/Fire      1%         6-21      63%         3
 Mephitic Cloud           Conj/Pois/Air  1%         N/A       63%         3


Dungeon Overview and Level Annotations

Branches:
Dungeon (3/15)

Altars:

Shops:
D:3 *

Annotations:
D:3 Robin


Innate Abilities, Weirdness & Mutations

You are too large for most types of armour.
You have claws for hands.
Your natural rate of healing is unusually fast.
You are covered in fur. (AC +1)
You have tough skin. (AC +1)


Message History

You are too injured to fight recklessly!
You are too injured to fight recklessly!
You are too injured to fight recklessly!
You are too injured to fight recklessly!
You are too injured to fight recklessly!
You are too injured to fight recklessly!
You are too injured to fight recklessly!
You are too injured to fight recklessly!
You are too injured to fight recklessly!
You are too injured to fight recklessly!
You are too injured to fight recklessly!
You are too injured to fight recklessly!
You are too injured to fight recklessly!
The goblin unwields a +0 club.
The goblin wields a +4 hunting sling.
The goblin shoots a stone.
The stone hits you.
* * * LOW HITPOINT WARNING * * *
The goblin barely misses you.
A goblin comes into view. It is wielding a +0 club.
The goblin moves out of view.
Robin throws the goblin at you!
* * * LOW HITPOINT WARNING * * *
You closely miss the goblin.
The goblin unwields a +4 hunting sling.
The goblin wields a +0 club.
The goblin completely misses you. The goblin hits you with a +0 dagger.
* * * LOW HITPOINT WARNING * * *
Robin throws the goblin at you!
You hit the goblin.
The goblin is heavily wounded.
The hobgoblin barely misses you. The goblin completely misses you.
The goblin hits you but does no damage. The goblin hits you with a +0 dagger.
* * * LOW HITPOINT WARNING * * *
Robin roars a battlecry!
The goblins go into a battle-frenzy!
You closely miss the goblin.
The goblin is heavily wounded.
The hobgoblin hits you but does no damage.
The goblin hits you with a +0 club.
* * * LOW HITPOINT WARNING * * *
The goblin hits you with a +0 club.
You die...

.............+........>#
########.....##......#.#
#.....##.######.#
#.....##.# #.#
#.....##.# #.#
#.....##.######.#
###......#......#
#g#######.#####
###@#######'#####
#.ggg...........#
#...............#
#######g..............#
#....)'.....)...).....#
#.#####g.......†......#
.###............# ..
########.##### ... #.#


You could see Robin, a hobgoblin (strong) and 4 goblins.

Vanquished Creatures
  An orc (D:3)
  A giant cockroach (D:2)
  2 goblins (D:3)
  A ball python (D:1)
  A bat (D:3)
  A frilled lizard (D:3)
7 creatures vanquished.

Notes
Turn   | Place    | Note
-------+----------+-------------------------------------------
     0 | D:1      | 101zpm the Troll Hedge Wizard began the quest for the Orb.
     0 | D:1      | Reached XP level 1. HP: 16/16 MP: 2/2
    25 | D:2      | Identified the +0 pair of boots of the Storm King {-Tele
                  | Rampage rElec rPois}
   228 | D:3      | Found Bunn's General Store.
   250 | D:3      | Identified the +0 helmet of the Mind {rN+ Str-2 Int+6}
   250 | D:3      | Noticed Robin
   261 | D:3      | Slain by a goblin

Illustrated notes

Levels and vault maps discovered:
D:1:      dpeg_arrival_houses_and_road, layout_basic,
          ebering_ecumenical_altar_webs
D:2:      mumra_celtic_spiral_tile, layout_loops_ring, minmay_tetromino_t2
D:3:      layout_basic, ebering_ghost_reflecting_pool, serial_shops,
          shop_fountains, kennysheep_orc_chapel, uniq_robin

Action                   || total
-------------------------++-------
Melee: Dagger            ||    27
 Stab: Sleeping          ||     1
Armor: Robe              ||    21
Dodge: Dodged            ||    22
